 Dungeon Sprint DCSS version 0.29-a0-1027-gcd8c55af63 (webtiles) character file.

Game seed: 16368583218676766459

4925 mhtbhm the Imperceptible (level 10, -14/51 HPs)
             Began as a Spriggan Brigand on Aug 12, 2022.
             Was a High Priest of Dithmenos.
             Demolished by a soul eater (16 damage)
             ... summoned by an orc high priest
             ... in the Dungeon (Sprint III: "The Ten Rune Challenge").
             The game lasted 00:03:57 (1314 turns).

mhtbhm the Imperceptible (Spriggan Brigand)         Turns: 1314, Time: 00:03:58

Health: -14/51     AC:  3    Str:  7    XL:     10   Next: 27%
Magic:  18/18      EV: 22    Int: 13    God:    Dithmenos [*****.]
Gold:   24         SH:  0    Dex: 21    Spells: 7/9 levels left

rFire   + . .      SeeInvis +   a - +2 dagger
rCold   . . .      Faith    .   (no shield)
rNeg    . . .      Spirit   .   b - +0 robe {rF+}
rPois   .          Reflect  .   (helmet restricted)
rElec   .          Harm     .   c - +0 cloak
rCorr   .          Rampage  .   (gloves unavailable)
Will    +....      NoTele   +   (boots unavailable) Stlth *****+++++
                                (no amulet)
HPRegen 0.17/turn               (no ring)
MPRegen 0.16/turn               (no ring)

@: on berserk cooldown, slowed, wreathed by umbra, quick
A: very small, no large weapons, unfitting armour, see invisible, speed 3
a: Renounce Religion, Shadow Step, Shadow Form


You were in the Dungeon.
You worshipped Dithmenos.
Dithmenos was extremely pleased with you.
You visited 1 branch You collected 24 gold pieces.

Inventory:

Hand Weapons
 a - a +2 dagger (weapon)
Missiles
 d - 7 poisoned darts (quivered)
 e - 9 curare-tipped darts
 m - a throwing net
Armour
 b - a +0 robe of fire resistance (worn)
 c - a +0 cloak (worn)
Scrolls
 k - a scroll of blinking
 l - a scroll of enchant armour {unknown}
 n - a scroll of immolation {unknown}
 o - 3 scrolls of identify
 q - a scroll of poison {unknown}
Potions
 f - 2 potions of curing
 g - 2 potions of heal wounds
 h - a potion of haste
 i - 2 potions of magic
 p - 3 potions of flight
 r - 5 potions of mutation
 s - a potion of might
Miscellaneous
 t - a piece from Xom's chessboard (15/15)


   Skills:
 + Level 5.4 Fighting
 + Level 6.0 Short Blades
 + Level 11.3 Throwing
 + Level 6.3 Dodging
 + Level 25.7 Stealth
 * Level 9.9 Invocations


You had 7 spell levels left.
You knew the following spells:

 Your Spells              Type           Power      Damage    Failure   Level
a - Passwall              Tmut/Erth      0%         N/A       43%         2

Your spell library contained the following spells:

 Spells                   Type           Power      Damage    Failure   Level
 Foxfire                  Conj/Fire      0%         2x1d4     30%         1
 Ensorcelled Hibernation  Hex/Ice        0%         N/A       43%         2
 Conjure Flame            Conj/Fire      0%         6-21      67%         3
 Inner Flame              Hex/Fire       0%         N/A       67%         3
 Swiftness                Air            0%         N/A       67%         3
 Flame Wave               Conj/Fire      0%         2d4       97%         4


Dungeon Overview and Level Annotations

Branches:
Dungeon (1/1)

Altars:
Cheibriados
Dithmenos
Elyvilon
Fedhas
Gozag
Hepliaklqana
Kikubaaqudgha
Makhleb
Nemelex Xobeh
Okawaru
Qazlal
Ru
Sif Muna
Trog
Uskayaw
Vehumet
Wu Jian
Xom
Yredelemnul
Zin
The Shining One
Jiyva
Lugonu


Innate Abilities, Weirdness & Mutations

You are very small and have problems with some larger weapons.
You are too small for most types of armour.
You have supernaturally acute eyesight. (SInv)
You cover ground extremely quickly. (Speed+++)


Message History

Your shadow hits the orc high priest with a dagger.
You hit the orc high priest.
The orc high priest is almost dead.
The orc high priest hits you with a +0 halberd.
You barely miss the orc high priest.
The orc high priest is almost dead.
The soul eater draws from the surrounding life force!
You are too injured to fight recklessly!
You are too injured to fight recklessly!
You are too injured to fight recklessly!
You are too injured to fight recklessly!
You are too injured to fight recklessly!
You are too injured to fight recklessly!
You are too injured to fight recklessly!
You are too injured to fight recklessly!
You are too injured to fight recklessly!
You are too injured to fight recklessly!
You are too injured to fight recklessly!
You are too injured to fight recklessly!
You are too injured to fight recklessly!
You are too injured to fight recklessly!
You are too injured to fight recklessly!
You are too injured to fight recklessly!
Unknown command.
You hit the orc high priest but do no damage.
The orc high priest is almost dead.
Your shadow hits the orc high priest but does no damage.
You closely miss the orc high priest.
The orc high priest is almost dead.
You are no longer berserk.
You are exhausted.
You feel yourself slow down. The orc high priest misses you.
The soul eater draws from the surrounding life force!
* * * LOW HITPOINT WARNING * * *
You closely miss the orc high priest.
The orc high priest is almost dead.
The orc high priest hits you with a +0 halberd!
* * * LOW HITPOINT WARNING * * *
The soul eater hits you!
You die...

≈≈≈≈≈≈≈≈≈≈≈♣♣..'.#.#.#.#
♣♣♣♣♣♣♣♣♣♣♣♣♣P.##.#.#.##
♣♣♣##'##### #...+ #...#
#).)# # #####.# #.PPP.#
#@).P.# #3o.PP# #....P#
#+#####


You could see a soul eater (summoned) and an orc high priest.

Vanquished Creatures
  Harold (D)
  A centaur warrior (D)
  Erica (D)
  A deep elf pyromancer (D)
  Joseph (D)
  An unseen horror (D)
  3 wandering mushrooms (D)
  A shadow (D)
  A spatial vortex (D)
  2 centaurs (D)
  An earth elemental (D)
  A necrophage (D)
  A water elemental (D)
  A jelly (D)
  3 orc priests (D)
  Crazy Yiuf (D)
  A wizard (D)
  A necromancer (D)
  3 humans (D)
  A kobold demonologist (D)
  An endoplasm (D)
  3 rats (D)
31 creatures vanquished.

Vanquished Creatures (others)
  2 plants (D)
2 creatures vanquished.

Grand Total: 33 creatures vanquished

Notes
Turn   | Place    | Note
-------+----------+-------------------------------------------
     0 | D        | mhtbhm the Spriggan Brigand began the quest for the Orb.
     0 | D        | Reached XP level 1. HP: 10/10 MP: 2/2
     5 | D        | Reached skill level 6 in Stealth
   117 | D        | Reached skill level 9 in Stealth
   117 | D        | Reached XP level 2. HP: 15/15 MP: 3/3
   248 | D        | Noticed Crazy Yiuf
   268 | D        | Killed Crazy Yiuf
   269 | D        | Reached skill level 10 in Stealth
   269 | D        | Reached XP level 3. HP: 18/18 MP: 4/4
   331 | D        | Noticed a water elemental
   333 | D        | Killed a water elemental
   334 | D        | Reached skill level 12 in Stealth
   334 | D        | Reached XP level 4. HP: 23/23 MP: 5/5
   345 | D        | Found a shadowy altar of Dithmenos.
   345 | D        | Noticed a necrophage
   351 | D        | Found a basalt altar of Yredelemnul.
   351 | D        | Found a sacrificial altar of Ru.
   376 | D        | Killed a necrophage
   377 | D        | Reached skill level 5 in Throwing
   377 | D        | Reached skill level 13 in Stealth
   377 | D        | Reached XP level 5. HP: 24/28 MP: 6/6
   520 | D        | Reached skill level 14 in Stealth
   525 | D        | Became a worshipper of Dithmenos the Shadowed
   540 | D        | Found a radiant altar of Vehumet.
   541 | D        | Found a shimmering blue altar of Sif Muna.
   541 | D        | Found an ancient bone altar of Kikubaaqudgha.
   543 | D        | Reached skill level 1 in Invocations
   553 | D        | Learned a level 2 spell: Passwall
   560 | D        | Found a glowing silver altar of Zin.
   561 | D        | Found a glowing golden altar of the Shining One.
   561 | D        | Found a white marble altar of Elyvilon.
   561 | D        | Noticed a deep elf pyromancer
   563 | D        | Killed a deep elf pyromancer
   563 | D        | Reached * piety under Dithmenos
   564 | D        | Reached skill level 18 in Stealth
   564 | D        | Reached XP level 6. HP: 33/33 MP: 7/10
   564 | D        | Reached XP level 7. HP: 37/37 MP: 7/11
   602 | D        | Found a hide-covered altar of Uskayaw.
   602 | D        | Found an iron altar of Okawaru.
   603 | D        | Found a bloodstained altar of Trog.
   603 | D        | Found an ornate altar of the Wu Jian Council.
   603 | D        | Noticed a human
   603 | D        | Noticed a human
   605 | D        | Killed a human
   606 | D        | Reached skill level 5 in Invocations
   606 | D        | Killed a human
   607 | D        | Reached skill level 19 in Stealth
   623 | D        | Noticed a shadow
   625 | D        | Killed a shadow
   625 | D        | Reached ** piety under Dithmenos
   626 | D        | Reached XP level 8. HP: 42/42 MP: 13/13
   631 | D        | Found a blossoming altar of Fedhas.
   631 | D        | Found a stormy altar of Qazlal.
   632 | D        | Found a snail-covered altar of Cheibriados.
   632 | D        | Found a burning altar of Makhleb.
   632 | D        | Found a hazy altar of Hepliaklqana.
   632 | D        | Found a shimmering altar of Xom.
   632 | D        | Found an opulent altar of Gozag.
   632 | D        | Found a sparkling altar of Nemelex Xobeh.
   632 | D        | Found a corrupted altar of Lugonu.
   632 | D        | Found a viscous altar of Jiyva.
   635 | D        | Reached skill level 20 in Stealth
   653 | D        | Noticed Erica
   656 | D        | Killed Erica
   657 | D        | Reached skill level 21 in Stealth
   680 | D        | Reached *** piety under Dithmenos
   686 | D        | Noticed a centaur warrior
   689 | D        | Reached XP level 9. HP: 46/46 MP: 15/15
   690 | D        | Killed a centaur warrior
   691 | D        | Reached skill level 5 in Short Blades
   691 | D        | Reached skill level 10 in Throwing
   691 | D        | Reached skill level 23 in Stealth
   692 | D        | Reached skill level 5 in Fighting
   705 | D        | Noticed an unseen horror
   706 | D        | Killed an unseen horror
   706 | D        | Reached **** piety under Dithmenos
   713 | D        | Noticed a wandering mushroom
   717 | D        | Noticed a wandering mushroom
   719 | D        | Noticed a wandering mushroom
  1078 | D        | Reached skill level 24 in Stealth
  1166 | D        | Killed a wandering mushroom
  1167 | D        | Reached skill level 5 in Dodging
  1217 | D        | Noticed Harold
  1217 | D        | Noticed Joseph
  1219 | D        | Killed Joseph
  1221 | D        | Killed Harold
  1222 | D        | Reached skill level 25 in Stealth
  1222 | D        | Reached XP level 10. HP: 47/51 MP: 12/18
  1286 | D        | Reached ***** piety under Dithmenos
  1307 | D        | Noticed a soul eater
  1314 | D        | HP: 2/51 [orc high priest/+0 halberd (9)]
  1314 | D        | Demolished by a soul eater

Illustrated notes

Levels and vault maps discovered:
D:        dungeon_sprint_mu [sprint_mu_entry_forest, sprint_mu_temple_rooms,
          sprint_mu_d1_horrors, sprint_mu_d2_genie, sprint_mu_d3_branching,
          sprint_mu_orc_legion, sprint_mu_elf_gauntlet, sprint_mu_hive_nellie,
          sprint_mu_lair_fedhas, sprint_mu_vaults_butterflies,
          sprint_mu_slime_circle, sprint_mu_swamp_cave, sprint_mu_shoals_kraken,
          sprint_mu_blade_basic, sprint_mu_crypt_fortress,
          sprint_mu_tomb_spiral, sprint_mu_vestibule_basic,
          sprint_mu_gehenna_hellfire, sprint_mu_dis_giant,
          sprint_mu_tartarus_statrot, sprint_mu_cocytus_islands, sprint_mu_zot1]

Skill      XL: |  1  2  3  4  5  6  7  8  9 |
---------------+----------------------------+-----
Stealth        | 9 10 12 13 18 19 21 25 | 25.7
Fighting       | 2 4 5 |  5.4
Throwing       | 3 4 5 7 8 9 11 | 11.3
Short Blades   | 3 4 6 |  6.0
Dodging        | 2 3 4 6 |  6.3
Invocations    | 4 6 7 9 |  9.9

Action                   |  1- 3 |  4- 6 |  7- 9 | 10-12 || total
-------------------------+-------+-------+-------+-------++-------
Melee: Dagger            |    12 |    14 |    41 |    27 ||    94
       Punch             |       |     1 |     1 |       ||     2
Throw: Dart              |    20 |       |    12 |       ||    32
 Cast: Passwall          |       |       |       |     1 ||     1
Invok: Shadow Step       |       |       |     1 |       ||     1
  Use: Potion            |       |     1 |       |     1 ||     2
 Stab: Sleeping          |     3 |     4 |    14 |     1 ||    22
Armor: Robe              |       |       |     1 |     1 ||     2
Dodge: Dodged            |     5 |     3 |    18 |    10 ||    36

Table legend: (Time is in decaauts)
 A = Elapsed time spent in this place.
 B = Non-inter-level travel time spent in this place.
 C = Inter-level travel time spent in this place.
 D = Time resting spent in this place.
 E = Time spent auto-exploring this place.
 F = Levels seen in this place.
 G = Mean time per level.
                   A        B        C        D        E       F      G
               +--------+--------+--------+--------+--------+-----+--------+
         Total |   1150 |   1150 |      0 |    730 |      0 |   1 | 1150.0 |
       Dungeon |   1150 |   1150 |      0 |    730 |      0 |   1 | 1150.0 |
               +--------+--------+--------+--------+--------+-----+--------+

Top non-repeatable levels by time:
       D: 1150 daAuts
